[ PARTIDA AOE2 · #494384735 ]
UnrankedIndostaníes vs Teutons
Equipo del jugador · DERR
Equipo rival · VICT
[ ANÁLISIS DE REPETICIÓN · EXTRAÍDO DE LA PARTIDA GRABADA ]
Feudal
10:30
Castillos
14:41
Imperial
42:21
| APM promedio | 26.4 |
| APM pico | 67 |
| eAPM promedio | 11.6 |
| Aldeanos / militares | 71 / 57 |
Foco
⚔️ 21.7% · 🌾 78.3%
Ghulam ×17 · Mangonel ×12 · Camel Scout ×11 · Hand Cannoneer ×8 · Spearman ×5 · Monk ×2
Feudal
8:25
Castillos
22:45
Imperial
38:17
| APM promedio | 52.0 |
| APM pico | 113 |
| eAPM promedio | 27.4 |
| Aldeanos / militares | 143 / 79 |
Foco
⚔️ 28.9% · 🌾 71.1%
Hand Cannoneer ×61 · Mangonel ×5 · Battering Ram ×5 · Teutonic Knight ×5 · Bombard Cannon ×2 · Monk ×1
Mapa de la partida
Recursos iniciales + cada clic de construcción. Líneas = muros · curvas = relieve. ◆ oro · ⬟ piedra · ● bayas · ✦ reliquia · ◌ hueco del cierre
Tu base· ✓ Cerrada en 14:41 · 1t muro · 3 puerta(s)
Base de N4Fis· ✓ Cerrada en 22:45 · 0t muro · 3 puerta(s)
Terreno inicial suavizado · ◌ = hueco del cierre detectado · pasá el cursor para detalles
Inputs por minuto
— LOMBANA FC3797 - - N4Fis
Build order — LOMBANA FC3797
Primeras 150 de 201 acciones detectadas
| 0:01 | Crear | Villager (Male) |
| 0:01 | Crear | Villager (Male) |
| 0:02 | Crear | Villager (Male) |
| 0:02 | Construir | House |
| 0:05 | Construir | House |
| 0:19 | Crear | Villager (Male) |
| 1:18 | Crear | Villager (Male) |
| 1:18 | Crear | Villager (Male) |
| 1:51 | Crear | Villager (Male) |
| 1:52 | Crear | Villager (Male) |
| 1:55 | Construir | Lumber Camp |
| 2:29 | Crear | Villager (Male) |
| 2:29 | Crear | Villager (Male) |
| 2:46 | Crear | Villager (Male) |
| 2:46 | Crear | Villager (Male) |
| 3:08 | Crear | Villager (Male) |
| 3:33 | Construir | House |
| 3:34 | Construir | House |
| 4:02 | Crear | Villager (Male) |
| 4:02 | Crear | Villager (Male) |
| 4:03 | Crear | Villager (Male) |
| 4:26 | Crear | Villager (Male) |
| 4:27 | Crear | Villager (Male) |
| 4:27 | Crear | Villager (Male) |
| 4:32 | Construir | Mill |
| 4:49 | Crear | Villager (Male) |
| 4:50 | Crear | Villager (Male) |
| 5:47 | Crear | Villager (Male) |
| 5:47 | Crear | Villager (Male) |
| 6:19 | Crear | Villager (Male) |
| 6:42 | Crear | Villager (Male) |
| 7:02 | Crear | Villager (Male) |
| 7:06 | Construir | Mining Camp |
| 7:42 | Crear | Villager (Male) |
| 8:20 | Investigar | Feudal Age |
| 8:31 | Investigar | Loom |
| 9:15 | Crear | Villager (Male) |
| 9:20 | Construir | House |
| 9:24 | Construir | House |
| 9:28 | Construir | House |
| 9:59 | Construir | House |
| 10:00 | Construir | House |
| 10:05 | Construir | Palisade Wall |
| 10:30 | Edad | Edad Feudal |
| 10:36 | Construir | Market |
| 10:42 | Construir | Blacksmith |
| 11:03 | Construir | House |
| 11:11 | Crear | Villager (Male) |
| 12:01 | Investigar | Castle Age |
| 12:54 | Investigar | Double-Bit Axe |
| 14:05 | Construir | Barracks |
| 14:41 | Edad | Edad de los Castillos |
| 14:49 | Construir | Siege Workshop |
| 14:53 | Crear | Spearman |
| 14:54 | Crear | Spearman |
| 15:22 | Construir | Monastery |
| 15:27 | Crear | Mangonel |
| 16:06 | Construir | Mining Camp |
| 16:19 | Crear | Mangonel |
| 16:24 | Crear | Villager (Male) |
| 16:25 | Crear | Villager (Male) |
| 16:25 | Crear | Villager (Male) |
| 16:50 | Crear | Monk |
| 19:12 | Crear | Spearman |
| 19:12 | Crear | Spearman |
| 19:53 | Crear | Villager (Male) |
| 19:53 | Crear | Villager (Male) |
| 20:03 | Construir | House |
| 21:12 | Crear | Spearman |
| 21:22 | Crear | Villager (Male) |
| 21:22 | Crear | Villager (Male) |
| 21:57 | Crear | Mangonel |
| 21:58 | Crear | Mangonel |
| 22:48 | Construir | Stable |
| 23:36 | Crear | Mangonel |
| 24:09 | Construir | Castle |
| 24:12 | Crear | Monk |
| 24:38 | Crear | Camel Scout |
| 24:38 | Crear | Camel Scout |
| 24:46 | Crear | Villager (Male) |
| 24:47 | Crear | Villager (Male) |
| 25:43 | Construir | House |
| 25:43 | Construir | House |
| 25:45 | Construir | House |
| 25:46 | Construir | House |
| 26:01 | Construir | House |
| 26:02 | Construir | House |
| 26:30 | Construir | Mining Camp |
| 26:40 | Crear | Ghulam |
| 26:40 | Crear | Ghulam |
| 26:40 | Crear | Ghulam |
| 27:06 | Crear | Ghulam |
| 27:06 | Crear | Ghulam |
| 27:13 | Crear | Ghulam |
| 27:13 | Crear | Ghulam |
| 27:26 | Investigar | Scale Mail Armor |
| 27:54 | Construir | Town Center |
| 29:52 | Construir | Farm |
| 29:53 | Construir | Farm |
| 29:54 | Construir | Farm |
| 29:56 | Construir | Farm |
| 29:58 | Construir | Farm |
| 29:59 | Construir | Farm |
| 30:04 | Crear | Mangonel |
| 30:39 | Construir | Town Center |
| 30:46 | Crear | Ghulam |
| 30:46 | Crear | Ghulam |
| 30:46 | Crear | Ghulam |
| 30:57 | Crear | Ghulam |
| 30:57 | Crear | Ghulam |
| 31:10 | Crear | Ghulam |
| 31:10 | Crear | Ghulam |
| 31:51 | Crear | Ghulam |
| 31:51 | Crear | Ghulam |
| 31:51 | Crear | Ghulam |
| 32:06 | Construir | Town Center |
| 32:27 | Crear | Armored Elephant |
| 32:27 | Crear | Armored Elephant |
| 32:30 | Crear | Camel Scout |
| 32:31 | Crear | Camel Scout |
| 32:31 | Crear | Camel Scout |
| 33:14 | Crear | Villager (Male) |
| 33:15 | Crear | Villager (Male) |
| 33:29 | Crear | Mangonel |
| 33:29 | Crear | Mangonel |
| 33:45 | Crear | Villager (Male) |
| 33:46 | Crear | Villager (Male) |
| 33:46 | Crear | Villager (Male) |
| 33:46 | Crear | Villager (Male) |
| 33:46 | Crear | Villager (Male) |
| 33:59 | Crear | Villager (Male) |
| 34:04 | Construir | Farm |
| 34:04 | Construir | Farm |
| 34:05 | Construir | Farm |
| 34:07 | Construir | Farm |
| 34:08 | Construir | Farm |
| 34:12 | Crear | Villager (Male) |
| 34:12 | Crear | Villager (Male) |
| 34:14 | Crear | Mangonel |
| 34:14 | Crear | Mangonel |
| 34:28 | Construir | Farm |
| 34:31 | Crear | Villager (Male) |
| 34:32 | Crear | Villager (Male) |
| 35:07 | Crear | Camel Scout |
| 35:07 | Crear | Camel Scout |
| 35:07 | Crear | Camel Scout |
| 36:28 | Construir | Mining Camp |
| 36:41 | Crear | Villager (Male) |
| 36:43 | Crear | Mangonel |
| 36:43 | Crear | Mangonel |
Build order — N4Fis
Primeras 150 de 302 acciones detectadas
| 0:00 | Crear | Villager (Male) |
| 0:01 | Construir | House |
| 0:02 | Construir | House |
| 0:13 | Crear | Villager (Male) |
| 0:15 | Crear | Villager (Male) |
| 0:22 | Crear | Villager (Male) |
| 1:27 | Crear | Villager (Male) |
| 1:27 | Crear | Villager (Male) |
| 1:44 | Construir | Lumber Camp |
| 1:59 | Crear | Villager (Male) |
| 2:00 | Crear | Villager (Male) |
| 2:28 | Crear | Villager (Male) |
| 2:28 | Crear | Villager (Male) |
| 3:10 | Crear | Villager (Male) |
| 3:10 | Crear | Villager (Male) |
| 3:11 | Crear | Villager (Male) |
| 3:26 | Crear | Villager (Male) |
| 3:48 | Construir | House |
| 3:49 | Construir | House |
| 3:54 | Construir | House |
| 4:04 | Crear | Villager (Male) |
| 4:04 | Crear | Villager (Male) |
| 4:05 | Crear | Villager (Male) |
| 5:04 | Crear | Villager (Male) |
| 5:04 | Crear | Villager (Male) |
| 5:13 | Construir | Mill |
| 5:19 | Investigar | Loom |
| 6:12 | Investigar | Feudal Age |
| 7:07 | Crear | Villager (Male) |
| 7:07 | Crear | Villager (Male) |
| 7:37 | Crear | Villager (Male) |
| 7:50 | Construir | Mining Camp |
| 8:25 | Edad | Edad Feudal |
| 8:30 | Construir | Watch Tower |
| 8:31 | Crear | Villager (Male) |
| 8:37 | Crear | Villager (Male) |
| 8:37 | Crear | Villager (Male) |
| 8:37 | Crear | Villager (Male) |
| 9:19 | Construir | Blacksmith |
| 9:20 | Construir | House |
| 9:40 | Construir | House |
| 9:49 | Crear | Villager (Male) |
| 10:08 | Construir | Watch Tower |
| 10:11 | Crear | Villager (Male) |
| 10:16 | Investigar | Fletching |
| 10:24 | Crear | Villager (Male) |
| 10:24 | Crear | Villager (Male) |
| 10:53 | Construir | Watch Tower |
| 10:57 | Crear | Villager (Male) |
| 11:55 | Crear | Villager (Male) |
| 11:55 | Crear | Villager (Male) |
| 12:00 | Construir | Farm |
| 12:07 | Construir | Farm |
| 12:26 | Crear | Villager (Male) |
| 12:32 | Construir | Watch Tower |
| 12:43 | Construir | Farm |
| 13:14 | Crear | Villager (Male) |
| 13:16 | Construir | Farm |
| 13:20 | Crear | Villager (Male) |
| 13:53 | Construir | House |
| 14:06 | Construir | Watch Tower |
| 14:07 | Crear | Villager (Male) |
| 14:07 | Crear | Villager (Male) |
| 14:07 | Crear | Villager (Male) |
| 14:18 | Construir | Watch Tower |
| 14:28 | Construir | House |
| 14:29 | Construir | House |
| 14:32 | Crear | Villager (Male) |
| 15:09 | Crear | Villager (Male) |
| 15:11 | Construir | Farm |
| 15:23 | Construir | Watch Tower |
| 15:31 | Crear | Villager (Male) |
| 15:33 | Construir | Farm |
| 15:56 | Crear | Villager (Male) |
| 15:59 | Construir | Farm |
| 16:12 | Construir | Mining Camp |
| 16:32 | Crear | Villager (Male) |
| 16:48 | Construir | Farm |
| 16:50 | Construir | Farm |
| 17:04 | Crear | Villager (Male) |
| 17:04 | Crear | Villager (Male) |
| 17:12 | Crear | Villager (Male) |
| 17:37 | Crear | Villager (Male) |
| 17:37 | Crear | Villager (Male) |
| 17:48 | Crear | Villager (Male) |
| 18:21 | Crear | Villager (Male) |
| 18:37 | Crear | Villager (Male) |
| 18:42 | Construir | Market |
| 19:03 | Crear | Villager (Male) |
| 19:46 | Crear | Villager (Male) |
| 20:05 | Investigar | Castle Age |
| 20:56 | Crear | Villager (Male) |
| 21:00 | Construir | Lumber Camp |
| 21:45 | Crear | Villager (Male) |
| 21:55 | Crear | Villager (Male) |
| 21:57 | Construir | Farm |
| 21:59 | Construir | Farm |
| 22:01 | Investigar | Double-Bit Axe |
| 22:03 | Investigar | Horse Collar |
| 22:09 | Crear | Villager (Male) |
| 22:17 | Crear | Villager (Male) |
| 22:28 | Crear | Villager (Male) |
| 22:28 | Crear | Villager (Male) |
| 22:30 | Crear | Villager (Male) |
| 22:39 | Construir | House |
| 22:39 | Construir | House |
| 22:40 | Construir | House |
| 22:45 | Edad | Edad de los Castillos |
| 22:53 | Investigar | Bodkin Arrow |
| 22:59 | Construir | Siege Workshop |
| 23:30 | Crear | Villager (Male) |
| 23:34 | Construir | University |
| 23:42 | Construir | House |
| 23:43 | Crear | Villager (Male) |
| 23:50 | Construir | Farm |
| 24:09 | Construir | Mining Camp |
| 24:16 | Crear | Mangonel |
| 25:34 | Crear | Mangonel |
| 25:35 | Crear | Villager (Male) |
| 25:35 | Crear | Villager (Male) |
| 25:35 | Crear | Villager (Male) |
| 25:43 | Construir | Castle |
| 25:53 | Crear | Villager (Male) |
| 26:26 | Construir | Siege Workshop |
| 26:45 | Crear | Villager (Male) |
| 26:52 | Construir | Lumber Camp |
| 27:00 | Construir | Farm |
| 27:17 | Construir | Lumber Camp |
| 27:49 | Crear | Villager (Male) |
| 27:49 | Crear | Villager (Male) |
| 27:58 | Crear | Battering Ram |
| 28:23 | Investigar | Guard Tower (upgrade) |
| 28:27 | Crear | Villager (Male) |
| 28:31 | Crear | Battering Ram |
| 28:36 | Crear | Teutonic Knight |
| 29:34 | Crear | Villager (Male) |
| 29:34 | Crear | Villager (Male) |
| 29:34 | Crear | Villager (Male) |
| 29:34 | Crear | Villager (Male) |
| 29:46 | Crear | Mangonel |
| 29:52 | Crear | Battering Ram |
| 29:53 | Crear | Teutonic Knight |
| 29:57 | Construir | Farm |
| 29:58 | Construir | Farm |
| 29:58 | Construir | Farm |
| 29:59 | Construir | Farm |
| 30:13 | Crear | Villager (Male) |
| 30:22 | Crear | Teutonic Knight |
| 30:48 | Crear | Villager (Male) |
| 31:31 | Crear | Battering Ram |
Cronología de la partida
| 8:25 | N4Fis · age_up feudal |
| 10:05 | LOMBANA FC3797 · wall_segment Palisade Wall x1 |
| 10:30 | LOMBANA FC3797 · age_up feudal |
| 11:43 | LOMBANA FC3797 · first_market_sell 100 wood |
| 14:05 | LOMBANA FC3797 · first_building Barracks |
| 14:41 | LOMBANA FC3797 · age_up castle |
| 14:49 | LOMBANA FC3797 · first_building Siege Workshop |
| 15:22 | LOMBANA FC3797 · first_building Monastery |
| 19:06 | LOMBANA FC3797 · first_market_buy 100 food |
| 19:55 | N4Fis · first_market_sell 100 stone |
| 19:56 | N4Fis · first_market_buy 100 food |
| 22:45 | N4Fis · age_up castle |
| 22:48 | LOMBANA FC3797 · first_building Stable |
| 22:59 | N4Fis · first_building Siege Workshop |
| 24:09 | LOMBANA FC3797 · first_building Castle |
| 25:43 | N4Fis · first_building Castle |
| 33:33 | N4Fis · first_building Monastery |
| 36:43 | N4Fis · first_building Barracks |
| 38:17 | N4Fis · age_up imperial |
| 38:19 | N4Fis · first_building Archery Range |
| 40:01 | LOMBANA FC3797 · wall_segment Stone Wall x3 |
| 40:53 | LOMBANA FC3797 · first_building Archery Range |
| 42:21 | LOMBANA FC3797 · age_up imperial |
| 45:10 | N4Fis · first_building Stable |
| 46:18 | LOMBANA FC3797 · resign |
[ ANÁLISIS IA · 1 CRÉDITO ]
¿Qué pasó realmente en esta partida?
Wolo.gg analiza cada decisión: build order, eco, micro, errores típicos por bracket. Análisis personalizado por WhatsApp o Discord en 30 segundos.
Guía civ
Indostaníes
Perfil
LOMBANA FC3797